 Dungeon Sprint DCSS version 0.19.4-8-ga85b6b9 (webtiles) character file.

800000 protoss039 the Slayer (level 14, -1/110 HPs)
             Began as a Gargoyle Fighter on Feb 13, 2017.
             Slain by a bag of meat
             ... wielding a +9 war axe
              (4 damage)
             ... in the Dungeon (Sprint VIII: "Arena of Blood").
             The game lasted 00:00:27 (8 turns).

protoss039 the Slayer (Gargoyle Fighter)               Turns: 8, Time: 00:00:28

Health: -1/110     AC: 21    Str: 25    XL:     14   Next: 8%
Magic:  14/14      EV: 10    Int:  9    God:
Gold:   0          SH:  0    Dex:  9    Spells: 0 memorised, 13 levels left

rFire  . . .     SeeInvis .     k - +∞ Axe of Woe
rCold  . . .     Gourm    .     a - +0 scale mail
rNeg   + . .     Faith    .     (shield currently unavailable)
rPois  ∞         Spirit   .     (no helmet)
rElec  +         Reflect  .     (no cloak)
rCorr  .         Harm     .     (no gloves)
MR     +....     NoTele   +     (no boots)
Stlth  ..........               (no amulet)
                                (no ring)
                                (no ring)

@: no status effects
A: big wings, negative energy resistance 1, electricity resistance, unbreathing,
petrification resistance, rot immunity, AC +9
a: Fly


You were in the Dungeon.
You were not hungry.

You visited 1 branch

Inventory:

Hand Weapons
 k - the +∞ Axe of Woe (weapon)
   (You found it in the Dungeon)
Armour
 a - a +0 scale mail (worn)
 b - a +0 shield
Scrolls
 j - a scroll of blinking
Potions
 c - a potion of might
 e - a potion of curing
 f - a potion of heal wounds
 g - a potion of haste
 h - 2 potions of magic
 i - a potion of berserk rage
Comestibles
 d - a bread ration


   Skills:
 + Level 21.4 Fighting
 + Level 5.5 Axes
 + Level 21.1 Armour
 + Level 20.8 Shields
 + Level 11.2 Unarmed Combat


You had 13 spell levels left.
You didn't know any spells.

Dungeon Overview and Level Annotations

Branches:
Dungeon (1/1)

Altars:
Makhleb


Innate Abilities, Weirdness & Mutations

You are resistant to torment.
Your stone body is resilient. (AC +9)
You are immune to poison.
Your large and strong wings let you fly indefinitely.
You resist negative energy. (rN+)
You are resistant to electric shocks. (rElec)
You can survive without breathing.
You are immune to petrification.
You are immune to rotting.


Message History

Your Fighting skill gained 2 levels and is now at level 21!
Your Axes skill increases to level 5!
Your Armour skill gained 2 levels and is now at level 21!
Your Shields skill increases to level 20!
Your Unarmed Combat skill increases to level 11!
You have reached level 14!
Your wings grow larger and stronger.
You hear a shout!
The meat berserker moves out of view.
You hear a shout! x3
The meat berserker rages.
You hear a shout!
The meat berserker hits you with a +9 battleaxe!!!
* * * LOW HITPOINT WARNING * * *
You hear a shout! x2
The bag of meat hits you with a +9 war axe!!
* * * LOW HITPOINT WARNING * * *
You hear a shout!
The bag of meat hits you with a +9 war axe.
You die...

.. .. #. .# #..
..# .###..
..###.
......###......
....._o....
#..o..# #_o@._#
#...O.#
....._.....
......###o.....
.###.. o.###.
#.o .o# #. .#
.. o.


You could see a meat berserker (berserk) and 8 bags of meat.

Vanquished Creatures
  An ogre (D)
  An orc (D)
2 creatures vanquished.

Notes
Turn   | Place    | Note
-------+----------+-------------------------------------------
     0 | D        | protoss039 the Gargoyle Fighter began the quest for the Orb.
     0 | D        | Reached XP level 1. HP: 14/14 MP: 1/1
     2 | D        | Noticed a bag of meat
     3 | D        | Noticed a bag of meat
     4 | D        | Noticed a bag of meat
     4 | D        | Noticed a bag of meat
     4 | D        | Noticed a meat berserker
     5 | D        | Noticed a bag of meat
     5 | D        | Noticed a meat berserker
     7 | D        | Killed a meat berserker
     7 | D        | Reached skill level 10 in Unarmed Combat
     7 | D        | Reached XP level 2. HP: 34/40 MP: 2/2
     7 | D        | Reached XP level 3. HP: 40/46 MP: 3/3
     7 | D        | Reached XP level 4. HP: 45/52 MP: 4/4
     7 | D        | Reached XP level 5. HP: 49/57 MP: 5/5
     7 | D        | Reached XP level 6. HP: 54/63 MP: 6/6
     7 | D        | Reached XP level 7. HP: 59/68 MP: 7/7
     7 | D        | Reached XP level 8. HP: 64/74 MP: 8/8
     7 | D        | Reached XP level 9. HP: 68/79 MP: 9/9
     7 | D        | Reached XP level 10. HP: 74/85 MP: 10/10
     7 | D        | Reached XP level 11. HP: 78/90 MP: 11/11
     7 | D        | Reached XP level 12. HP: 83/96 MP: 12/12
     7 | D        | Reached XP level 13. HP: 88/101 MP: 13/13
     8 | D        | Noticed a bag of meat
     8 | D        | Noticed a bag of meat
     8 | D        | Noticed a meat berserker
     8 | D        | Killed a bag of meat
     8 | D        | Reached skill level 5 in Axes
     8 | D        | Gained mutation: Your large and strong wings let you fly indefinitely. [Gargoyle growth]
     8 | D        | Reached XP level 14. HP: 63/110 MP: 14/14
     8 | D        | HP: 3/110 [bag of meat/+9 war axe (22)]
     8 | D        | Slain by a bag of meat

Skill      XL: |  1  2  3  4  5  6  7  8  9 10 11 12 13 |
---------------+----------------------------------------+-----
Fighting       | 19 21 | 21.4
Axes           | 4 5 |  5.5
Armour         | 19 21 | 21.1
Shields        | 19 20 | 20.8
Unarmed Combat | 10 11 | 11.2

Action                   |  1- 3 |  4- 6 |  7- 9 | 10-12 | 13-15 || total
-------------------------+-------+-------+-------+-------+-------++-------
Melee: Executioner's axe |     1 |       |       |       |     1 ||     2
Dodge: Dodged            |     1 |       |       |       |       ||     1
